 Dungeon Crawl Stone Soup version 0.26.1-2-gb8aa6d0cf2 (webtiles) character file.

Game seed: 5780640506410719356

110189 Morgon the Spry (level 16, -1/132 HPs)
             Began as a Vampire Gladiator on Feb 9, 2021.
             Was an Initiate of Gozag.
             Killed from afar by Azrael (41 damage)
             ... with damnation
             ... on level 15 of the Dungeon.
             The game lasted 02:46:23 (33124 turns).

Morgon the Spry (Vampire Gladiator)                Turns: 33124, Time: 02:46:24

Health: -1/132     AC: 24    Str: 13    XL:     16   Next: 6%
Magic:  16/16      EV: 24    Int: 15    God:    Gozag
Gold:   7102       SH: 12    Dex: 18    Spells: 12/15 levels left

rFire    . . .     SeeInvis +   a - +3 demon blade (venom)
rCold    . . .     Faith    .   K - +2 buckler
rNeg     . . .     Spirit   .   A - +3 acid dragon scales
rPois    .         Reflect  +   h - +0 helmet
rElec    .         Harm     .   (no cloak)
rCorr    +         Rampage  .   G - +2 pair of gloves {archery}
Will     +++..                  B - +2 pair of boots {run}
Stlth    +.........             J - amulet of reflection (curse)
HPRegen  0.52/turn              o - +4 ring of protection
MPRegen  0.15/turn              k - ring of willpower

@: gold aura, regenerating quickly, quick
A: fangs 3, see invisible, strong-willed 1, sense surroundings 1, unbreathing
a: Exsanguinate, Renounce Religion, Potion Petition, Call Merchant, Bribe Branch


You were on level 15 of the Dungeon.
You worshipped Gozag.
Gozag was greatly pleased with you.
You visited 4 branches of the dungeon, and saw 24 of its levels.
You also visited: Bailey, Gauntlet and Ice Cave.

You collected 10018 gold pieces.
You spent 1364 gold pieces at shops.
You paid 1552 gold pieces to Gozag.

Inventory:

Hand Weapons
 a - a +3 demon blade of venom (weapon)
 b - a +0 vorpal scimitar
 j - the +10 rapier "Jooke" {freeze, rElec SInv Stlth-}
   (You found it in a bailey)

   It has been specially enchanted to freeze those struck by it, causing extra
   injury to most foes and up to half again as much damage against particularly
   susceptible opponents.
   It can also slow down cold-blooded creatures.
   It insulates you from electricity.
   It lets you see invisible.
   It makes you less stealthy.
 u - a +2 great sword of freezing
 v - a +1 short sword of venom
Missiles
 n - 3 throwing nets (quivered)
 s - 9 curare-tipped darts
Armour
 h - a +0 helmet (worn)
 z - a +2 pair of boots
 A - +3 acid dragon scales (worn)
 B - a +2 pair of boots of running (worn)
 D - the +3 ring mail of Mamyxt {rF+ rCorr}
   (You found it on level 3 of the Lair of Beasts)

   It protects you from fire.
   It provides partial protection from all sources of acid and corrosion.
 G - a +2 pair of gloves of archery (worn)
 K - a +2 buckler (worn)
 O - a +0 kite shield
 Q - a +1 robe of resistance
 R - a +2 tower shield
 Y - a +1 ring mail of poison resistance
Jewellery
 c - an uncursed ring of ice
 k - a ring of willpower (right hand)
 o - a +4 ring of protection (left hand)
 r - an uncursed ring of magical power
 F - an uncursed ring of flight
 J - a cursed amulet of reflection (around neck)
 T - the ring "Has Femo" {+Blink rElec AC+4 Str+3 Slay-6}
   (You found it in a Gauntlet)

   [ring of protection]

   It affects your AC (+4).
   It affects your strength (+3).
   It affects your accuracy and damage with ranged weapons and melee attacks
   (-6).
   It insulates you from electricity.
   It lets you blink.
 U - the amulet of Fumis {RegenMP rN+}
   (You found it in a Gauntlet)

   [amulet of magic regeneration]

   It increases your magic regeneration.
   It protects you from negative energy.
 W - the ring of Kenamufa {rN+ Stlth-}
   (You took it off a minotaur in a Gauntlet)

   [ring of attention]

   It protects you from negative energy.
   It makes you less stealthy.
Wands
 d - a wand of acid (4)
 g - a wand of disintegration (41)
 l - a wand of flame (40)
 M - a wand of random effects (40)
 N - a wand of enslavement (19)
Scrolls
 f - 5 scrolls of fear
 i - 10 scrolls of identify
 q - 5 scrolls of magic mapping
 t - 7 scrolls of teleportation
 x - 13 scrolls of remove curse
 y - 2 scrolls of fog
 C - 2 scrolls of blinking
 L - 5 scrolls of amnesia
 Z - 2 scrolls of summoning
Potions
 e - 4 potions of heal wounds
 m - 3 potions of invisibility
 p - 4 potions of mutation
 w - 5 potions of curing
 E - 2 potions of brilliance
 H - 3 potions of flight
 I - 3 potions of haste
 P - 6 potions of lignification
 S - 2 potions of cancellation
Miscellaneous
 V - a condenser vane
 X - a phantom mirror


   Skills:
 + Level 13.9 Fighting
 - Level 14.0 Long Blades
 - Level 1.5 Throwing
 - Level 11.0 Armour
 - Level 16.7 Dodging
 - Level 4.0 Shields


You had 12 spell levels left.
You knew the following spells:

 Your Spells              Type           Power        Failure   Level
a - Apportation           Tloc           0%           34%         1
b - Blink                 Tloc           N/A          47%         2

Your spell library contained the following spells:

 Spells                   Type           Power        Failure   Level
 Magic Dart               Conj           0%           34%         1
 Sting                    Tmut/Pois      0%           34%         1
 Call Imp                 Summ           0%           47%         2
 Poisonous Vapours        Pois/Air       0%           47%         2
 Slow                     Hex            0%           47%         2
 Confusing Touch          Hex            0%           71%         3
 Conjure Flame            Conj/Fire      0%           71%         3
 Gell's Gravitas          Tloc           0%           71%         3
 Ignite Poison            Fire/Tmut/Pois 0%           71%         3
 Lesser Beckoning         Tloc           0%           71%         3
 Mephitic Cloud           Conj/Pois/Air  0%           71%         3
 Tukima's Dance           Hex            0%           71%         3
 Animate Dead             Necr           0%           98%         4
 Leda's Liquefaction      Hex/Erth       0%           98%         4
 Olgreb's Toxic Radiance  Pois           0%           98%         4
 Petrify                  Tmut/Erth      0%           98%         4
 Alistair's Intoxication  Tmut/Pois      0%           100%        5
 Bolt of Magma            Conj/Fire/Erth 0%           100%        5
 Borgnjor's Vile Clutch   Necr/Erth      0%           100%        5
 Metabolic Englaciation   Hex/Ice        0%           100%        5
 Yara's Violent Unravell  Hex/Tmut       0%           100%        5
 Death Channel            Necr           0%           100%        6
 Invisibility             Hex            0%           100%        6
 Iron Shot                Conj/Erth      0%           100%        6
 Simulacrum               Ice/Necr       0%           100%        6
 Statue Form              Tmut/Erth      0%           100%        6
 Shatter                  Erth           0%           100%        9


Dungeon Overview and Level Annotations

Branches:
Dungeon (15/15)            Temple (1/1) D:7            Lair (6/6) D:8
  Swamp (0/4) Lair:2        Snake (0/4) Lair:2        Slime (0/5) Lair:5
    Orc (2/2) D:11            Elf (0/3) Orc:2        Vaults (0/5) D:14
 Depths (0/5) D:15         Bailey (visited)           IceCv (visited)
Gauntlet (visited)

Altars:
Ashenzari
Cheibriados
Dithmenos
Elyvilon
Fedhas
Gozag
Hepliaklqana
Kikubaaqudgha
Makhleb
Nemelex Xobeh
Okawaru
Qazlal
Ru
Sif Muna
Trog
Uskayaw
Vehumet
Wu Jian
Xom
Yredelemnul
Zin
The Shining One
Beogh
Jiyva

Shops:
D:9 [(   Orc:1 *   Orc:2 **(((*[*:

Annotations:
D:6 2 transporters, FalseProphet's ghost, novice DsGl
D:7 3 runed translucent doors, Caestello's ghost, novice FoFi
D:15 Azrael; Roxanne
Lair:1 3 runed translucent doors, Renzlar's ghost, journeyman GnFi
Lair:5 3 runed translucent doors, Thalamas's ghost, journeyman MiBe; ew1980's ghost, journeyman GnTm


Innate Abilities, Weirdness & Mutations

Your natural rate of healing is unusually fast.
You have razor-sharp teeth.
You have supernaturally acute eyesight. (SInv)
You can survive without breathing.
You are strong-willed. (Will+)
You passively map a small area around you.


Message History

You slash Azrael!
Azrael looks as sick as possible!
Azrael is no longer distracted by gold.
Azrael is almost dead.
Azrael closely misses you.
You riposte.
You hit Azrael.
Azrael is almost dead.
You barely miss Azrael.
Azrael is almost dead.
You completely miss Azrael. You bite Azrael, but do no damage.
Azrael is almost dead.
Azrael gestures at you.
The sphere of damnation explodes!
The damnation engulfs you!!!
The damnation engulfs Azrael.
Azrael completely resists.
You hit Azrael but do no damage.
Azrael is almost dead.
You hit Azrael but do no damage.
Azrael is almost dead.
Azrael gestures at you.
The sphere of damnation explodes!
The damnation engulfs you!!!
You die...
Your body crumbles into a pile of gold.

, ####......#### , *
* #.....#......#,, ,
,*#...........####+
* #.$(.°...........
,*#...°............
,
,*##..°..(Y.........
#Yc°☼○○######..... *
,#R###### , #..... ,
#@#, , ###### , *
#$# , , ,* .... #$#
**♣... * #.# ≈ ≈≈..
, ,,### ≈ ≈≈≈≈≈P ,
≈≈P≈≈≈≈ ,,* *
≈≈≈≈≈≈≈≈ ≈P≈≈P≈≈≈ ,
≈ ≈PP≈≈≈≈≈


You could see Azrael (extremely poisoned), an ice beast and a centaur.

Vanquished Creatures
  2 orc warlords
  A stone giant (Orc:1)
  A minotaur (Gauntlet)
  A dire elephant (Gauntlet)
  Josephine (D:14)
  2 fire dragons (D:15)
  5 hydras
  Harold (D:7)
  An ice dragon (Lair:5)
  An ogre mage (D:14)
  3 catoblepae
  3 centaur warriors
  13 two-headed ogres
  A deep troll shaman (Lair:6)
  7 death yaks
  A death knight (D:14)
  3 orc high priests
  A tengu warrior (D:13)
  Urug (D:14)
  A deep elf knight (D:13)
  A fire crab (D:13)
  A skeletal warrior (D:14)
  3 unseen horrors
  A phantasmal warrior (D:14)
  A lindwurm (Lair:6)
  6 orc knights
  2 manticores
  3 deep elf magi
  14 ugly things
  2 orc sorcerers (Orc:2)
  A worldbinder (Gauntlet)
  24 elephants
  2 ice statues (IceCv)
  3 black mambas
  2 centaur zombies
  5 cyclopes
  4 centaur skeletons
  A gargoyle (D:11)
  8 cane toads
  A torpor snail (Lair:4)
  3 rime drakes
  A yaktaur (D:14)
  2 freezing wraiths (D:13)
  An ice devil (Gauntlet)
  5 komodo dragons
  2 kobold demonologists
  A demonic crawler (Lair:2)
  4 trolls
  3 polar bears
  2 slime creatures
  Prince Ribbit (D:6)
  11 dream sheep
  8 blink frogs
  10 wraiths
  A vampire (D:14)
  16 humans (D:14)
  46 yaks
  7 wyverns
  6 basilisks
  2 fire elementals (D:15)
  9 wargs
  5 nagas (Lair:2)
  A swamp worm (Lair:2)
  24 water moccasins
  4 hell hounds (D:15)
  4 acid dragons
  A soldier ant (D:14)
  Duvessa (D:6)
  A floating eye (shapeshifter) (D:13)
  59 orc warriors
  13 ice beasts
  2 phantoms
  3 black bears
  An eye of draining (D:10)
  4 necrophages
  4 sky beasts
  10 centaurs
  2 boggarts (Gauntlet)
  12 ogres
  18 wolves
  9 big kobolds
  A gnoll sergeant (D:5)
  14 bullfrogs
  Dowan (D:6)
  A wyvern skeleton (D:9)
  6 scorpions
  19 killer bees
  8 wights
  8 howler monkeys
  4 electric eels
  A bullfrog zombie (D:10)
  A wyvern simulacrum (D:13)
  10 hounds
  11 jellies
  36 orc wizards
  2 bullfrog skeletons
  22 orc priests
  A gnoll shaman (D:6)
  An iguana (D:5)
  Natasha (thrice) (D:3)
  10 worker ants
  5 hound skeletons
  A howler monkey zombie (D:8)
  2 worker ant zombies (D:5)
  18 gnolls
  12 adders
  7 white imps
  2 ufetubi
  17 oozes
  2 adder skeletons
  5 worms
  2 leopard geckos
  177 orcs
  A ball python (D:1)
  4 giant cockroaches
  5 goblins
  11 hobgoblins
  14 jackals
  3 quokkas
  7 bats
  2 frilled lizards
  A jackal skeleton (D:4)
  A jackal zombie (D:9)
  40 kobolds
  A quokka skeleton (D:4)
  7 rats
961 creatures vanquished.

Vanquished Creatures (others)
  2 orcs (D:11)
  A bush (D:15)
  38 fungi
  105 plants
  6 withered plants (Lair:5)
152 creatures vanquished.

Grand Total: 1113 creatures vanquished

Notes
Turn   | Place    | Note
-------+----------+-------------------------------------------
     0 | D:1      | Morgon the Vampire Gladiator began the quest for the Orb.
     0 | D:1      | Reached XP level 1. HP: 16/16 MP: 1/1
   210 | D:1      | Reached XP level 2. HP: 19/22 MP: 2/2
   587 | D:1      | Reached XP level 3. HP: 27/27 MP: 3/3
  2130 | D:3      | Noticed Natasha
  2163 | D:3      | Reached skill level 4 in Dodging
  2165 | D:3      | Killed Natasha
  2166 | D:3      | Reached XP level 4. HP: 16/33 MP: 4/4
  2370 | D:3      | Reached XP level 5. HP: 39/39 MP: 5/5
  2516 | D:3      | Noticed Natasha
  2528 | D:3      | HP: 1/39 [Natasha (9)]
  2529 | D:3      | Killed Natasha
  2530 | D:3      | Reached skill level 5 in Long Blades
  2688 | D:3      | Found a faded altar of an unknown god.
  2783 | D:3      | Noticed Natasha
  2794 | D:3      | Killed Natasha
  3407 | D:4      | Noticed an ogre
  3420 | D:4      | Killed an ogre
  3421 | D:4      | Reached XP level 6. HP: 35/47 MP: 6/6
  3966 | D:5      | Entered Level 5 of the Dungeon
  3984 | D:4      | Reached skill level 5 in Dodging
  3984 | D:4      | Reached XP level 7. HP: 12/52 MP: 7/7
  4767 | D:6      | Noticed Duvessa
  4882 | D:6      | Noticed Dowan
  5010 | D:5      | Reached XP level 8. HP: 58/60 MP: 8/8
  5049 | D:5      | Reached skill level 6 in Dodging
  5224 | D:6      | Noticed Prince Ribbit
  5261 | D:6      | Killed Prince Ribbit
  5467 | D:6      | Killed Duvessa
  5961 | D:7      | Found a staircase to the Ecumenical Temple.
  5978 | Temple   | Entered the Ecumenical Temple
  6117 | Temple   | Became a worshipper of Gozag Ym Sagoz the Greedy
  6174 | D:7      | Reached skill level 7 in Dodging
  6210 | D:6      | Found a transporter.
  6212 | D:6      | Noticed a cyclops
  6213 | D:6      | Noticed FalseProphet's ghost (novice DsGl)
  6221 | D:6      | Found a transporter.
  6343 | D:6      | Killed Dowan
  6356 | D:6      | Reached XP level 9. HP: 36/65 MP: 9/9
  6545 | D:6      | Reached skill level 10 in Long Blades
  6786 | D:5      | Reached skill level 8 in Dodging
  7482 | D:7      | Reached skill level 9 in Dodging
  7637 | D:7      | Found a runed translucent gate.
  7638 | D:7      | Found a runed translucent gate.
  7639 | D:7      | Found a runed translucent gate.
  7640 | D:7      | Found an opulent altar of Gozag.
  7641 | D:7      | Noticed a cyan ugly thing
  7642 | D:7      | Noticed Caestello's ghost (novice FoFi)
  7800 | D:7      | Reached skill level 5 in Fighting
  7840 | D:7      | Identified the +1 leather armour of Rugeusot {Int+4}
  8094 | D:6      | HP: 3/68 [poisoned by an orc warrior]
  8497 | D:8      | Noticed Harold
  8533 | D:7      | Killed Harold
  8534 | D:7      | Reached skill level 11 in Dodging
  8534 | D:7      | Reached XP level 10. HP: 17/74 MP: 10/10
  8779 | D:8      | Found a flagged portal.
  8815 | Bailey   | Entered a bailey
  9726 | Bailey   | Reached skill level 1 in Armour
 10277 | Bailey   | Got a masterwork rapier
 10280 | Bailey   | Identified the +10 rapier "Jooke" {freeze, rElec SInv
                  | Stlth-} (You found it in a bailey)
 10282 | Bailey   | Noticed an orc knight
 10443 | D:8      | Found a staircase to the Lair.
 10454 | Lair:1   | Entered Level 1 of the Lair of Beasts
 10568 | Lair:1   | Noticed Renzlar's ghost (journeyman GnFi)
 10573 | Lair:1   | Noticed a cane toad
 10593 | Lair:1   | Found a runed translucent gate.
 10597 | Lair:1   | Noticed a cane toad
 10603 | Lair:1   | Killed a cane toad
 11020 | Lair:1   | Reached XP level 11. HP: 71/79 MP: 11/11
 11148 | Lair:1   | Noticed an eight-headed hydra
 11168 | Lair:1   | Killed an eight-headed hydra
 11183 | Lair:1   | Reached skill level 5 in Armour
 11508 | Lair:1   | Noticed a four-headed hydra
 11533 | Lair:1   | Killed a four-headed hydra
 11763 | Lair:1   | Found a runed translucent gate.
 11763 | Lair:1   | Found a runed translucent gate.
 12167 | Lair:2   | Found a staircase to the Swamp.
 12314 | Lair:2   | Noticed a seven-headed hydra
 12331 | Lair:2   | Killed a seven-headed hydra
 12418 | Lair:2   | Noticed a five-headed hydra
 12963 | Lair:2   | Killed a five-headed hydra
 13306 | Lair:2   | Found a staircase to the Snake Pit.
 13361 | Lair:2   | Reached XP level 12. HP: 87/88 MP: 12/12
 14082 | Lair:3   | Got an encrusted ring mail
 14086 | Lair:3   | Identified the +3 ring mail of Mamyxt {rF+ rCorr} (You
                  | found it on level 3 of the Lair of Beasts)
 15405 | Lair:4   | Noticed a death yak
 15433 | Lair:3   | Killed a death yak
 15908 | Lair:5   | Noticed a catoblepas
 15924 | Lair:5   | Killed a catoblepas
 15925 | Lair:5   | Reached skill level 12 in Dodging
 16278 | Lair:5   | Noticed an ice dragon
 16307 | Lair:5   | HP: 3/92 [ice dragon/blast of cold (31)]
 16308 | Lair:5   | Killed an ice dragon
 16309 | Lair:5   | Reached skill level 13 in Dodging
 16963 | Lair:5   | Reached skill level 14 in Dodging
 17019 | Lair:5   | Noticed a catoblepas
 17036 | Lair:5   | Killed a catoblepas
 17037 | Lair:5   | Reached XP level 13. HP: 85/98 MP: 13/13
 17198 | Lair:5   | Found a runed translucent gate.
 17198 | Lair:5   | Found a runed translucent gate.
 17199 | Lair:5   | Noticed ew1980's ghost (journeyman GnTm)
 17199 | Lair:5   | Noticed Thalamas's ghost (journeyman MiBe)
 17202 | Lair:5   | Found a runed translucent gate.
 17473 | Lair:5   | Found a staircase to the Slime Pits.
 17473 | Lair:5   | Found a viscous altar of Jiyva.
 17708 | Lair:6   | Entered Level 6 of the Lair of Beasts
 17927 | Lair:6   | Reached skill level 15 in Dodging
 17999 | Lair:6   | Reached skill level 1 in Shields
 19910 | Lair:6   | Reached skill level 16 in Dodging
 20567 | D:8      | Reached XP level 14. HP: 95/108 MP: 14/14
 20892 | D:8      | Found a roughly hewn altar of Beogh.
 20957 | D:8      | You fall into a shaft and drop 3 floors!
 21019 | D:10     | Entered Level 10 of the Dungeon
 21521 | D:9      | Reached skill level 10 in Fighting
 21565 | D:9      | Found Xeyhed's Antique Armour Shop.
 21649 | D:9      | Found a sparkling altar of Nemelex Xobeh.
 21717 | D:9      | Found Xenuj's Antique Weapon Shoppe.
 22074 | D:9      | Found a sparkling altar of Nemelex Xobeh.
 22467 | D:10     | Found a shadowy altar of Dithmenos.
 22666 | D:10     | Found a sacrificial altar of Ru.
 22900 | D:9      | Bought a glowing long sword for 169 gold pieces
 23119 | D:11     | Found a staircase to the Orcish Mines.
 24122 | Orc:1    | Entered Level 1 of the Orcish Mines
 24533 | Orc:1    | Found Lezerroelo's General Store.
 24561 | Orc:1    | Bought a +2 pair of boots of running for 456 gold pieces
 24627 | Orc:1    | Noticed a stone giant
 24668 | Orc:1    | Killed a stone giant
 25164 | Orc:2    | Entered Level 2 of the Orcish Mines
 25185 | Orc:2    | Found a staircase to the Elven Halls.
 25318 | Orc:2    | Found Aril's Weapon Boutique.
 25325 | Orc:2    | Found Ulesudeumo's Antique Weapon Shop.
 25487 | Orc:2    | Gained mutation: Your magical capacity is low. (-10% MP) [a
                  | neqoxec]
 25596 | Orc:1    | Lost mutation: Your magical capacity is low. (-10% MP)
                  | [potion of mutation]
 25596 | Orc:1    | Gained mutation: You are strong-willed. (Will+) [potion of
                  | mutation]
 25596 | Orc:1    | Gained mutation: You passively map a small area around you.
                  | [potion of mutation]
 25712 | Orc:1    | Learned a level 1 spell: Apportation
 25715 | Orc:1    | Learned a level 2 spell: Blink
 25921 | Orc:2    | Found Quokud's Book Emporium.
 26025 | Orc:2    | Found Ashroi's General Store.
 26064 | Orc:2    | Found Paek's Antique Armour Shop.
 26103 | Orc:2    | Noticed an orc warlord
 26104 | Orc:2    | Found Cisaq's Antique Weapon Emporium.
 26581 | Orc:2    | Killed an orc warlord
 26727 | Orc:2    | Bought a runed demon blade for 432 gold pieces
 26749 | Orc:2    | Found Ryziriby's Assorted Antiques.
 26843 | Orc:2    | Found Jaig Bif's General Store.
 26854 | Orc:2    | Bought a scroll of enchant weapon for 105 gold pieces
 26992 | Orc:2    | Found Coaniy's General Store.
 27042 | Orc:2    | Noticed an orc warlord
 27216 | Orc:1    | Killed an orc warlord
 27620 | Orc:2    | Bought a runed tower shield for 202 gold pieces
 27749 | D:12     | Found a frozen archway.
 27820 | IceCv    | Entered an ice cave
 27885 | IceCv    | Found a transporter.
 27920 | IceCv    | Found a transporter.
 27931 | IceCv    | Reached XP level 15. HP: 67/120 MP: 15/15
 29190 | D:13     | Found a gate leading to a gauntlet.
 29221 | Gauntlet | Entered a Gauntlet
 29221 | Gauntlet | Found a transporter.
 29226 | Gauntlet | Found a transporter.
 29227 | Gauntlet | Found a transporter.
 29245 | Gauntlet | Found a transporter.
 29273 | Gauntlet | Found a transporter.
 29294 | Gauntlet | Found a transporter.
 29298 | Gauntlet | Found a transporter.
 29300 | Gauntlet | Found a transporter.
 29316 | Gauntlet | Found a runed translucent gate.
 29317 | Gauntlet | Found a transporter.
 29317 | Gauntlet | Found a runed translucent gate.
 29318 | Gauntlet | Found a runed translucent gate.
 29322 | Gauntlet | Found a transporter.
 29347 | Gauntlet | Found a transporter.
 29351 | Gauntlet | Found a transporter.
 29382 | Gauntlet | Found a transporter.
 29384 | Gauntlet | Found a transporter.
 29632 | Gauntlet | Got an ancient bronze ring
 29634 | Gauntlet | Identified the ring "Has Femo" {+Blink rElec AC+4 Str+3
                  | Slay-6} (You found it in a Gauntlet)
 29702 | Gauntlet | Got a translucent tin amulet
 29703 | Gauntlet | Identified the amulet of Fumis {RegenMP rN+} (You found it
                  | in a Gauntlet)
 29807 | Gauntlet | Identified the ring of Kenamufa {rN+ Stlth-}
 30291 | D:13     | Reached skill level 10 in Armour
 30842 | D:14     | Noticed Urug
 30858 | D:14     | Killed Urug
 30873 | D:14     | Found a gate to the Vaults.
 31563 | D:14     | Found a snail-covered altar of Cheibriados.
 31633 | D:14     | Noticed Josephine
 31664 | D:14     | Killed Josephine
 32740 | D:15     | Entered Level 15 of the Dungeon
 32797 | D:15     | Reached XP level 16. HP: 105/132 MP: 16/16
 32814 | D:15     | Found a staircase to the Depths.
 33022 | D:15     | Identified Roxanne's Collected Works on Earth
 33022 | D:15     | Noticed Roxanne
 33053 | D:15     | Noticed Azrael
 33124 | D:15     | Killed from afar by Azrael

Illustrated notes

Levels and vault maps discovered:
D:1:      onia_arrival_handbag, layout_basic, kennysheep_small_spiral,
          minmay_splitting_lines, minivault_23
D:2:      layout_basic, serial_corexii_hall, corexii_hall_statues_l,
          chequers_hall_statues_y
D:3:      layout_rooms, chequers_ecumenical_altar_island, st_stairs_3,
          grunt_decor_arrowhead, uniq_natasha
D:4:      layout_loops_ring, minmay_small_thing
D:5:      layout_rooms
D:6:      kennysheep_housing_project, layout_basic, gammafunk_ghost_arena,
          minivault_24, kennysheep_small_circle, uniq_duvessa,
          uniq_prince_ribbit1
D:7:      layout_rooms, minmay_temple_entry_overgrown, ebering_ghost_gozag
D:8:      layout_cave_pools, minmay_lair_entry_grove, enter_bailey_7,
          special_room [special_room_orc], serial_glass, glass_columns_b,
          glass_columns_a, uniq_harold
D:9:      layout_layer_cave, nemelex_xobeh_ov_fountains_minmay, serial_shops,
          nicolae_shop_stone, nicolae_shop_crystal, hangedman_decor_riveting,
          minmay_ruined_shrine
D:10:     layout_basic, basic_altar, nicolae_dithmenos_the_darkroom
D:11:     layout_loops_ring, hiddenorc2_lemuel, minmay_door_square
D:12:     layout_basic, portal_ice_cave_entry_pillars_1, nicolae_wwwww
D:13:     minmay_the_grid_plus_closed [minmay_the_grid_square_x,
          minmay_the_grid_empty, minmay_the_grid_expand, minmay_the_grid_fan,
          minmay_the_grid_prize_big_room], layout_rooms, gauntlet_entry_generic
D:14:     layout_loops_corners, david_vaults_3, kennysheep_minor_cross,
          cheibriados_altar_1, uniq_josephine
D:15:     grunt_enter_depths_hoard, layout_gridville, minmay_misc_feat_alley,
          serial_shops, nicolae_shop_crystal, grunt_ministairs_11,
          minmay_st_funbox, serial_bayou_ford_a, fedhas_bush_and_centaur_altar,
          uniq_azrael, uniq_roxanne
Temple:   kilobyte_greek_temple
Lair:1:   layout_misc_corridors, gammafunk_ghost_split, st_stairs_5,
          grunt_forest_small_clearings, minmay_shattered_shrine,
          grunt_megastairs_2, serial_bayou_shore_b
Lair:2:   layout_chaotic_city, swamp_mist, minmay_snake_entry_guardpost_medium,
          worms_lemuel
Lair:3:   lemuel_slime, layout_loops_ring, minmay_hedge_maze,
          chequers_serial_rivers_micro_b, serial_bayou_pond_d,
          serial_bayou_lagoon_b, lemuel_fruit_tree, serial_bayou_shore_a
Lair:4:   layout_regular_city, chequers_serial_rivers_micro_e,
          eino_small_chamber_without_monster, grunt_megastairs_1
Lair:5:   layout_gridlike, slime_altar_1, gammafunk_ghost_cemetery,
          minivault_19, chequers_serial_rivers_small_3, bobbens_ice_dragon_lair
Lair:6:   grunt_lair_end_beastmaster, layout_gridlike, minivault_27,
          hibernation_bobbens, infiniplex_staircase_pool, lemuel_fruit_fields
Orc:1:    layout_caves, serial_shops, nicolae_shop_waterfront
Orc:2:    grunt_orc_gardens, layout_diamond_mine, grunt_orc_garden,
          grunt_orc_garden, grunt_orc_garden, grunt_orc_garden, serial_shops,
          shop, shop_fountains, nicolae_shop_crystal, shop_fountains, shop

Skill      XL: |  1  2  3  4  5  6  7  8  9 10 11 12 13 14 15 |
---------------+----------------------------------------------+-----
Fighting       | 2 3 4 5 6 8 9 12 13 | 13.9
Long Blades    | 4 5 6 7 9 10 11 13 14 | 14.0
Dodging        | 4 5 7 11 14 16 | 16.7
Armour         | 4 6 8 11 | 11.0
Shields        | 4 |  4.0
Throwing       | |  1.5

Action                   |  1- 3 |  4- 6 |  7- 9 | 10-12 | 13-15 | 16-18 || total
-------------------------+-------+-------+-------+-------+-------+-------++-------
Melee: Long sword        |    73 |   165 |   550 |   455 |       |       ||  1243
       Bite              |    12 |    26 |    74 |   141 |   381 |    15 ||   649
       Unarmed           |       |    10 |       |       |       |       ||    10
       Rapier            |       |       |       |   501 |   707 |       ||  1208
       Scimitar          |       |       |       |       |   958 |       ||   958
       Demon blade       |       |       |       |       |  1178 |    95 ||  1273
 Fire: Arbalest          |       |       |       |    15 |       |       ||    15
Throw: Throwing net      |       |     3 |     4 |       |       |       ||     7
       Dart              |       |       |    15 |       |       |       ||    15
Invok: Potion Petition   |       |       |     1 |       |     2 |       ||     3
Evoke: Wand              |       |       |     3 |     6 |     3 |       ||    12
  Use: Scroll            |       |     1 |     8 |    17 |    15 |       ||    41
       Potion            |       |       |     3 |     2 |     3 |     1 ||     9
 Stab: Sleeping          |     1 |       |       |       |       |       ||     1
       Held in net/web   |       |       |     1 |       |       |       ||     1
       Distracted        |       |       |     1 |     3 |    22 |     1 ||    27
       Invisible         |       |       |       |       |     3 |       ||     3
Armor: Leather armour    |    20 |    26 |    19 |       |       |       ||    65
       Acid dragon scale |       |       |    81 |   236 |   361 |    10 ||   688
Dodge: Dodged            |    59 |   134 |   457 |   813 |  1384 |    43 ||  2890
Block: Buckler           |       |       |       |       |  1037 |    38 ||  1075
       Reflection        |       |       |       |       |    53 |     2 ||    55
       Rpst.: Long sword |    15 |    48 |   129 |    79 |       |       ||   271
       Scimitar          |       |       |       |       |   133 |       ||   133
       Demon blade       |       |       |       |       |   101 |     8 ||   109
